 Dungeon Crawl Stone Soup version 0.29-a0-341-g24ffce5b50 (webtiles) character file.

Game seed: 13617373002541418204

16 HendSelp the Insei (level 2, -1/24 HPs)
             Began as a Human Monk on Apr 20, 2022.
             Slain by a hobgoblin (2 damage)
             ... on level 2 of the Dungeon.
             The game lasted 00:01:55 (640 turns).

HendSelp the Insei (Human Monk)                      Turns: 640, Time: 00:01:56

Health: -1/24      AC:  2    Str: 11    XL:     2   Next: 75%
Magic:  2/2        EV: 13    Int: 10    God:
Gold:   28         SH:  0    Dex: 15    Spells: 1/1 levels left

rFire   . . .      SeeInvis .     - Unarmed
rCold   . . .      Faith    .   (no shield)
rNeg    . . .      Spirit   .   a - +0 robe
rPois   .          Reflect  .   (no helmet)
rElec   .          Harm     .   (no cloak)
rCorr   .          Rampage  .   (no gloves)
Will    .....                   (no boots)
Stlth   ++........              (no amulet)
HPRegen 0.08/turn               (no ring)
MPRegen 0.08/turn               (no ring)

@: no status effects
A: no striking features
a: no special abilities


You were on level 2 of the Dungeon.
You visited 1 branch of the dungeon, and saw 2 of its levels.

You collected 28 gold pieces.

Inventory:

Armour
 a - a +0 robe (worn)
Potions
 b - a potion of ambrosia
 d - a potion of attraction {unknown}


   Skills:
 * Level 3.2 Fighting
 * Level 0.3 Armour
 * Level 3.2 Dodging
 - Level 2.0 Stealth
 * Level 3.3 Unarmed Combat


You had one spell level left.
You didn't know any spells.
Your spell library contained the following spells:

 Spells                   Type           Power      Damage    Failure   Level
 Slow                     Hex            0%         N/A       36%         1
 Confusing Touch          Hex            0%         N/A       75%         3
 Vampiric Draining        Necr           0%         2d6       75%         3


Dungeon Overview and Level Annotations

Branches:
Dungeon (1/15)

Altars:

Shops:
D:1 (


Message History

The jackal bites you but does no damage.
There are monsters nearby!
You closely miss the jackal. The jackal bites you.
The hobgoblin shouts!
You hit the jackal but do no damage. The jackal bites you.
The kobold hits you but does no damage. The jackal barely misses you.
You hit the jackal but do no damage. The jackal misses you.
The kobold barely misses you. The jackal bites you.
The jackal closely misses you.
Unknown command.
You hit the jackal.
The jackal is heavily wounded.
The kobold misses you.
The jackal bites you. x2; The jackal barely misses you.
You barely miss the jackal.
The jackal is heavily wounded.
The jackal bites you. The jackal misses you. The jackal bites you.
The kobold hits you with a +0 whip. The giant cockroach misses you.
Unknown command.
As you read the scroll labelled HIAMEUT TOAH, it crumbles to dust.
It is a scroll of amnesia.
You feel forgetful for a moment. The jackal closely misses you. x3
The kobold misses you. The giant cockroach misses you.
The jackal closely misses you. The jackal barely misses you.
The jackal bites you. The kobold attacks as you move away!
The kobold barely misses you.
The giant cockroach attacks as you move away!
The giant cockroach misses you. The jackal barely misses you.
The jackal completely misses you. The hobgoblin barely misses you.
The hobgoblin hits you but does no damage.
You see here an emerald potion.
The jackal bites you. The hobgoblin closely misses you.
The jackal closely misses you. The jackal misses you.
The jackal attacks as you move away! The jackal closely misses you.
Found a stone staircase leading up.
The hobgoblin attacks as you move away! The hobgoblin hits you.
* * * LOW HITPOINT WARNING * * *
The hobgoblin attacks as you move away! The hobgoblin hits you.
* * * LOW HITPOINT WARNING * * *
The hobgoblin attacks as you move away! The hobgoblin hits you.
You die...

............?. .##
.#........... ..##
............
...##.#......... .
#....#.........
...####..h..........
........gBh.†.......
#......@grh!........
#.#.#....Kl.........
............!......
....#...............
....................
..<..###..#......>..
..... ...##.........
...#..####.#......#
.# #. .#####.


You could see 3 jackals, a giant cockroach, 2 hobgoblins, a kobold, a frilled
lizard and a rat.

Vanquished Creatures
  3 ball pythons
  A bat (D:1)
  An endoplasm (D:1)
  3 goblins (D:1)
  3 jackals (D:1)
  A quokka (D:1)
  A frilled lizard (D:1)
13 creatures vanquished.

Notes
Turn   | Place    | Note
-------+----------+-------------------------------------------
     0 | D:1      | HendSelp the Human Monk began the quest for the Orb.
     0 | D:1      | Reached XP level 1. HP: 18/18 MP: 1/1
   257 | D:1      | Reached XP level 2. HP: 24/24 MP: 2/2
   257 | D:1      | Found Kydep's Weapon Shoppe.
   624 | D:1      | You fall into a shaft and drop 1 floor!
   640 | D:2      | HP: 1/24 [hobgoblin (5)]
   640 | D:2      | Slain by a hobgoblin

Illustrated notes

Levels and vault maps discovered:
D:1:      lemuel_arrival_tunnels, layout_loops_corners, serial_shops, shop
D:2:      layout_rooms, uniq_natasha

Action                   || total
-------------------------++-------
Melee: Unarmed           ||    43
       Punch             ||     2
  Use: Scroll            ||     1
 Stab: Sleeping          ||     7
Armor: Robe              ||     7
Dodge: Dodged            ||    49

Table legend: (Time is in decaauts)
 A = Elapsed time spent in this place.
 B = Non-inter-level travel time spent in this place.
 C = Inter-level travel time spent in this place.
 D = Time resting spent in this place.
 E = Time spent auto-exploring this place.
 F = Levels seen in this place.
 G = Mean time per level.
                   A        B        C        D        E       F      G
               +--------+--------+--------+--------+--------+-----+--------+
         Total |    637 |    637 |      0 |      0 |    550 |   2 |  318.5 |
       Dungeon |    637 |    637 |      0 |      0 |    550 |   2 |  318.5 |
               +--------+--------+--------+--------+--------+-----+--------+

Top non-repeatable levels by time:
     D:1: 622 daAuts
     D:2: 15 daAuts
